 Dungeon Crawl Stone Soup version 0.28-a0-697-g47f3eba078 (webtiles) character file.

Game seed: 7926859526504635727

226 avis the Ruffian (level 6, -4/51 HPs)
             Began as a Hill Orc Transmuter on Oct 23, 2021.
             Slain by a wyvern (5 damage)
             ... on level 3 of the Dungeon.
             The game lasted 00:21:45 (4937 turns).

avis the Ruffian (Hill Orc Transmuter)              Turns: 4937, Time: 00:21:45

Health: -4/51      AC:  7    Str: 14    XL:     6   Next: 1%
Magic:  9/9        EV: 11    Int: 14    God:
Gold:   149        SH:  0    Dex: 11    Spells: 5/9 levels left

rFire   . . .      SeeInvis .     - Unarmed
rCold   . . .      Faith    .   (no shield)
rNeg    + . .      Spirit   .   s - +0 acid dragon scales
rPois   .          Reflect  .   t - +1 hat
rElec   .          Harm     .   f - scarf {repulsion}
rCorr   +          Rampage  .   (no gloves)
Will    .....                   (no boots)
Stlth   +.........              (no amulet)
HPRegen 0.17/turn               d - ring of positive energy
MPRegen 0.11/turn               (no ring)

@: attractive, studying Stealth, repel missiles
A: no striking features
a: no special abilities


You were on level 3 of the Dungeon.
You visited 1 branch of the dungeon, and saw 4 of its levels.

You collected 149 gold pieces.

Inventory:

Hand Weapons
 b - a +0 hunting sling
 k - a +0 quarterstaff
Missiles
 e - 108 stones
 j - 34 bolts
 m - 14 sling bullets
 o - 52 arrows
Armour
 f - a scarf of repulsion (worn)
 s - +0 acid dragon scales (worn)
 t - a +1 hat (worn)
Jewellery
 d - a ring of positive energy (left hand)
Wands
 q - a wand of iceblast (7)
Scrolls
 a - a scroll of fear {unknown}
 h - 3 scrolls of identify {unknown}
 i - 2 scrolls of magic mapping {unknown}
 p - a scroll of blinking {unknown}
 r - a scroll of holy word {unknown}
Potions
 c - a potion of attraction
 g - a potion of lignification {unknown}
 l - a potion of might {unknown}
 n - a potion of curing {unknown}


   Skills:
 - Level 3.0 Fighting
 - Level 2.0 Dodging
 * Level 0.9 Stealth
 - Level 5.0 Unarmed Combat
 - Level 2.0 Spellcasting
 - Level 2.0 Transmutations
 - Level 2.0 Poison Magic


You had 5 spell levels left.
You knew the following spells:

 Your Spells              Type           Power      Damage    Failure   Level
a - Beastly Appendage     Tmut           14%        N/A       16%         1
p - Spider Form           Tmut/Pois      3%         N/A       41%         3

Your spell library contained the following spells:

 Spells                   Type           Power      Damage    Failure   Level
 Wereblood                Tmut           7%         N/A       22%         2
 Static Discharge         Conj/Air       1%         N/A       45%         2
 Ice Form                 Ice/Tmut       4%         N/A       92%         4
 Animate Dead             Necr           0%         N/A       98%         4
 Dispel Undead            Necr           1%         3d6       98%         4
 Sticky Flame             Conj/Fire      1%         2d3       98%         4
 Haunt                    Necr/Summ      0%         N/A       100%        7
 Infestation              Necr           0%         N/A       100%        8


Dungeon Overview and Level Annotations

Branches:
Dungeon (4/15)
 Temple: D:4-7

Altars:
Yredelemnul

Annotations:
D:3 1 runed translucent door, exclusion: door, Crazy Yiuf


Message History

Your scarf of repulsion melds into your body.
Your +1 hat melds into your body.
Your +0 acid dragon scales melds into your body.
The haze of the repulsion field disappears.
Your transformation is almost over.
Your transformation has ended.
Your scarf of repulsion unmelds from your body.
Your +1 hat unmelds from your body.
Your +0 acid dragon scales unmelds from your body.
You are surrounded by a repulsion field.
The steam dragon hisses angrily.
The steam dragon breathes steam at you. The ball of steam misses you.
You open the door.
A wyvern comes into view.
The wyvern hisses angrily.
You barely miss the wyvern. The wyvern bites you.
The wyvern bites you but does no damage.
The wyvern bites you! The wyvern barely misses you. The wyvern bites you.
The wyvern bites you!
There is an open door here.
The wyvern bites you! The wyvern bites you.
The steam dragon breathes steam at you. The ball of steam misses you.
The wyvern bites you.
* * * LOW HITPOINT WARNING * * *
There is an escape hatch in the ceiling here.
You are engulfed in a cloud of scalding steam.
* * * LOW HITPOINT WARNING * * *
The wyvern bites you.
* * * LOW HITPOINT WARNING * * *
A mysterious force pulls you upwards. The hatch slams shut behind you.
Level annotation: 1 runed translucent door, exclusion: door, Crazy Yiuf Crazy Yiuf shouts!
It was a potion of attraction.
You feel attractive to monsters. The wyvern bites you.
You die...

.# #........# .#
#....###.###########
.# #....#
#............ .#
♣..PP♣ ####.########
.# ♣♣P..♣ #...# .#
♣♣.♣♣ ###.#
.######## ♣♣.♣ #...#
........# ♣l♣♣ #.###
#######.## ♣♣@♣ #.#
#..# ♣.♣♣ #.#
########.## #+#
####.########
......)...# .g.
#............
########.## #...#
####.######## #.##
#)..# #.# # ####..#
##### #.######## #
#.....# #.........
### #.##..### ###
##........


You could see a wyvern and Crazy Yiuf.

Vanquished Creatures
  An acid dragon (D:4)
  4 adders
  3 worms
  2 dart slugs
  An orc (D:4)
  6 ball pythons
  5 endoplasms
  3 giant cockroaches
  9 goblins
  7 hobgoblins
  3 jackals
  3 quokkas
  5 bats
  6 frilled lizards
  5 kobolds
  3 rats
66 creatures vanquished.

Notes
Turn   | Place    | Note
-------+----------+-------------------------------------------
     0 | D:1      | avis the Hill Orc Transmuter began the quest for the Orb.
     0 | D:1      | Reached XP level 1. HP: 16/16 MP: 3/3
   110 | D:1      | Reached XP level 2. HP: 15/23 MP: 2/4
   247 | D:1      | Found a faded altar of an unknown god.
   905 | D:1      | Reached XP level 3. HP: 21/29 MP: 5/5
  1192 | D:2      | Found a basalt altar of Yredelemnul.
  1369 | D:1      | Learned a level 3 spell: Spider Form
  2009 | D:2      | Reached XP level 4. HP: 15/36 MP: 7/7
  2581 | D:2      | Reached skill level 1 in Poison Magic
  2584 | D:2      | Reached skill level 4 in Unarmed Combat
  3623 | D:3      | Found a runed translucent door.
  3624 | D:3      | Noticed Crazy Yiuf
  4145 | D:4      | Noticed an acid dragon
  4284 | D:4      | Reached XP level 5. HP: 27/41 MP: 4/8
  4532 | D:4      | Killed an acid dragon
  4533 | D:4      | Reached skill level 5 in Unarmed Combat
  4828 | D:4      | Reached XP level 6. HP: 51/51 MP: 7/9
  4868 | D:4      | Noticed a steam dragon
  4921 | D:4      | Noticed a wyvern
  4935 | D:4      | HP: 1/51 [wyvern (5)]
  4937 | D:3      | Slain by a wyvern

Illustrated notes

Levels and vault maps discovered:
D:1:      minmay_arrival_split_and_join, layout_rooms,
          chequers_ecumenical_altar_simple
D:2:      layout_basic, basic_altar
D:3:      layout_basic, kennysheep_generic_room_6, uniq_crazy_yiuf_cottage
D:4:      layout_gridville, minmay_manual_maat

Skill      XL: |  1  2  3  4  5 |
---------------+----------------+-----
Fighting       | 2 3 |  3.0
Transmutations | 2 |  2.0
Spellcasting   | 2 |  2.0
Dodging        | 2 |  2.0
Poison Magic   | 2 |  2.0
Unarmed Combat | 4 5 |  5.0
Stealth        | |  0.9

Action                   |  1- 3 |  4- 6 || total
-------------------------+-------+-------++-------
Melee: Unarmed           |   131 |    66 ||   197
       Kick              |    21 |     6 ||    27
       Headbutt          |    15 |     4 ||    19
       Punch             |     3 |       ||     3
 Fire: Hunting sling     |       |    18 ||    18
 Cast: Beastly Appendage |    30 |    21 ||    51
       Spider Form       |       |     5 ||     5
  Use: Potion            |       |     1 ||     1
Armor: Robe              |    18 |     6 ||    24
       Skin              |       |     1 ||     1
       Acid dragon scale |       |     1 ||     1
Dodge: Dodged            |    82 |    28 ||   110

Table legend: (Time is in decaauts)
 A = Elapsed time spent in this place.
 B = Non-inter-level travel time spent in this place.
 C = Inter-level travel time spent in this place.
 D = Time resting spent in this place.
 E = Time spent auto-exploring this place.
 F = Levels seen in this place.
 G = Mean time per level.
                   A        B        C        D        E       F      G
               +--------+--------+--------+--------+--------+-----+--------+
         Total |   4933 |   4538 |    395 |   2140 |   1399 |   4 | 1233.2 |
       Dungeon |   4933 |   4538 |    395 |   2140 |   1399 |   4 | 1233.2 |
               +--------+--------+--------+--------+--------+-----+--------+

Top non-repeatable levels by time:
     D:1: 1478 daAuts
     D:2: 1379 daAuts
     D:4: 1146 daAuts
     D:3: 928 daAuts
